 Dungeon Crawl Stone Soup version 0.23.2-30-g0e89c35649 (webtiles) character file.

Game seed: 4396714036980571557

93828 diana the Executioner (level 15, -5/139 HPs)
             Began as a Minotaur Berserker on June 9, 2019.
             Was the Champion of Trog.
             Slain by an orc knight
             ... wielding a +0 great sword
              (23 damage)
             ... on level 14 of the Dungeon.
             The game lasted 00:38:54 (17860 turns).

diana the Executioner (Minotaur Berserker)         Turns: 17860, Time: 00:38:58

Health: -5/139     AC: 31    Str: 26    XL:     15   Next: 61%
Magic:  14/14      EV: 15    Int: 15    God:    Trog [******]
Gold:   1387       SH:  0    Dex: 20    Spells: 14/14 levels left

rFire    . . .     SeeInvis .   N - +2 executioner's axe (vamp)
rCold    . . .     Gourm    .   (shield currently unavailable)
rNeg     + . .     Faith    +   C - +9 chain mail of the Dragon {Str+2 Int+5}
rPois    .         Spirit   .   (helmet restricted)
rElec    +         Reflect  .   H - +2 cloak
rCorr    .         Harm     .   q - +2 pair of gloves
MR       +....                  M - +0 pair of boots {Stlth+}
Stlth    ..........             t - amulet "Tetat" {Faith rElec rN+ Int+2 Dex+4}
HPRegen  0.33/turn              e - +2 ring of dexterity
MPRegen  0.14/turn              S - +4 ring of dexterity

@: lethally poisoned (-5 -> -24), berserk cooldown, slowed, very slow
A: retaliatory headbutt, horns 2
a: Berserk, Trog's Hand, Brothers in Arms, Renounce Religion


You were on level 14 of the Dungeon.
You worshipped Trog.
Trog was exalted by your worship.
You were hungry.

You visited 4 branches of the dungeon, and saw 23 of its levels.
You visited the Abyss 1 time.
You also visited: Gauntlet.

You collected 2125 gold pieces.
You spent 738 gold pieces at shops.

Inventory:

Hand Weapons
 N - a +2 vampiric executioner's axe (weapon)
Missiles
 Y - 2 throwing nets (quivered)
Armour
 q - a +2 pair of gloves (worn)
 r - a scarf of repulsion
 C - the +9 chain mail of the Dragon (worn) {Str+2 Int+5}
   (You bought it in a shop on level 4 of the Dungeon)

   It affects your strength (+2).
   It affects your intelligence (+5).
 H - a +2 cloak (worn)
 J - a +0 shield
 M - a +0 pair of boots of stealth (worn)
 U - a +2 large shield
Jewellery
 d - an uncursed ring of see invisible
 e - a +2 ring of dexterity (left hand)
 t - the amulet "Tetat" (around neck) {Faith rElec rN+ Int+2 Dex+4}
   (You found it on level 5 of the Dungeon)

   [amulet of faith]

   It allows you to gain divine favour quickly.
   It affects your intelligence (+2).
   It affects your dexterity (+4).
   It insulates you from electricity.
   It protects you from negative energy.
 I - a +2 amulet of reflection {unknown}
 O - an uncursed amulet of the gourmand
 R - a cursed amulet of inaccuracy {unknown}
 S - a +4 ring of dexterity (right hand)
 X - an uncursed ring of positive energy {unknown}
Wands
 a - a wand of digging (4)
 D - a wand of acid (26)
 F - a wand of flame (42)
 P - a wand of scattershot (2)
Scrolls
 b - 4 scrolls of identify
 f - a scroll of vulnerability {unknown}
 l - 7 scrolls of teleportation
 m - 3 scrolls of amnesia
 n - 4 scrolls of remove curse
 s - 5 scrolls of fog
 y - 2 scrolls of immolation
 A - 3 scrolls of blinking
 E - a scroll of silence
 K - a scroll of enchant armour {unknown}
 L - 4 scrolls of enchant weapon {unknown}
 Q - a scroll of summoning {unknown}
 T - a scroll of holy word {unknown}
 V - a scroll of fear {unknown}
 W - 5 scrolls of noise
Potions
 g - 2 potions of invisibility
 h - 4 potions of brilliance
 i - 8 potions of curing
 j - 7 potions of agility
 k - 9 potions of heal wounds
 o - 3 potions of might
 p - 3 potions of ambrosia
 u - a potion of haste {unknown}
 v - 6 potions of flight
 w - 4 potions of degeneration {unknown}
 x - 2 potions of cancellation {unknown}
 z - 2 potions of magic {unknown}
 B - a potion of lignification
 G - 4 potions of resistance
Comestibles
 c - 50 rations


   Skills:
 + Level 14.7 Fighting
 - Level 22.0 Axes
 + Level 14.2 Armour
 - Level 9.0 Dodging
 - Level 6.8 Shields


You had 14 spell levels left.
You didn't know any spells.
Your spell library contained the following spells:

 Spells                   Type           Power        Failure   Level  Hunger
 Flame Tongue             Conj/Fire      #....        71%         1    ##.....
 Ignite Poison            Fire/Tmut/Pois #.......     97%         3    ####...
 Leda's Liquefaction      Hex/Erth       #.........   100%        4    #####..
 Summon Lightning Spire   Summ/Air       #.......     100%        4    #####..
 Bolt of Magma            Conj/Fire/Erth #.........   100%        5    ######.
 Fireball                 Conj/Fire      #.........   100%        5    ######.
 Summon Demon             Summ           #.........   100%        5    ######.
 Summon Forest            Summ/Tloc      #.........   100%        5    ######.
 Summon Mana Viper        Hex/Summ       #.......     100%        5    ######.
 Bolt of Fire             Conj/Fire      #.........   100%        6    #######
 Iron Shot                Conj/Erth      #.........   100%        6    #######
 Statue Form              Tmut/Erth      #........    100%        6    #######
 Ring of Flames           Chrm/Fire      #.........   100%        7    #######
 Ignition                 Fire           #.........   100%        8    #######
 Shatter                  Erth           #.........   100%        9    #######


Dungeon Overview and Level Annotations

Branches:
Dungeon (14/15)            Temple (1/1) D:5            Lair (6/6) D:9
  Swamp (0/4) Lair:4        Snake (0/4) Lair:2        Slime (0/5) Lair:5
    Orc (2/2) D:11            Elf (0/3) Orc:2
 Vaults: D:13-14

Altars:
Ashenzari
Cheibriados
Dithmenos
Elyvilon
Fedhas
Gozag
Hepliaklqana
Kikubaaqudgha
Makhleb
Nemelex Xobeh
Okawaru
Qazlal
Ru
Sif Muna
Trog
Uskayaw
Vehumet
Wu Jian
Xom
Yredelemnul
Zin
The Shining One

Shops:
D:4 [   D:10 *   D:12 [   Orc:2 [(!=?

Annotations:
D:12 exclusion: 2 oklob plants
Lair:1 exclusion: 3 oklob plants


Innate Abilities, Weirdness & Mutations

You reflexively headbutt those who attack you in melee.
You have a pair of horns on your head.


Message History

You feel a bit more experienced.
You feel very sick.
The orc knight throws a stone.
The stone barely misses you.
You feel very sick.
The orc knight throws a stone.
The stone hits you but does no damage.
Things that are here:
a stone; a bolt You feel a strong urge to attack something.
You feel sick.
The orc knight throws a stone.
The stone completely misses you.
You feel very sick.
The orc knight throws a stone.
The stone hits you!
* * * LOW HITPOINT WARNING * * *
You see here a stone.
You feel your anger nearly subside.
You are no longer berserk.
You are exhausted.
You feel as though you will be slow longer.
* * * LOW HITPOINT WARNING * * *
You feel sick.
The orc knight hits you with a +0 great sword!!
You die...

#............#.# ######...
#.......#......###........
#.........##..............
#####..#######.###........
(. #..# .. #># ####.#... #
.##..##. #.# #<#... #.
#(#.(#.# .#.# #.#...
#..##(#).#.##..#.# #.#...
#)(((...(@o# #.# #.#.>.
#######(#((#.### #.# #.. .
......)))).........#
#.......))........
#######.#..#.#####
.......... .##.#..#.##. .
#.#..#.# . .##..# .


You could see an orc knight.

Vanquished Creatures
  Rupert (Lair:4)
  Kirke (D:12)
  An orc warlord (Orc:1)
  An ettin (Orc:2)
  6 hydras
  Erolcha (Orc:1)
  4 two-headed ogres
  2 centaur warriors (D:14)
  8 death yaks (Lair:6)
  3 tengu warriors (D:13)
  Urug (Lair:5)
  4 orc high priests (Orc:2)
  Sonja (D:11)
  An unseen horror (D:13)
  A deep elf archer (D:14)
  A lindwurm (Lair:6)
  Pikel (D:7)
  3 wizards (Gauntlet)
  An orc knight (Orc:2)
  2 deep elf magi (D:14)
  An orc sorcerer (Orc:2)
  A wolf spider zombie (D:13)
  7 ugly things
  2 cyclopes
  Maurice (D:8)
  13 elephants (Lair:6)
  A torpor snail (Lair:3)
  2 centaur zombies
  2 black mambas
  Psyche (D:11)
  A gargoyle (D:13)
  30 spiny frogs
  A centaur skeleton (D:13)
  6 komodo dragons
  A rime drake (Lair:5)
  4 yaktaurs (D:14)
  A tengu conjurer (D:13)
  5 trolls
  5 tyrant leeches (Lair:6)
  4 slime creatures (D:13)
  7 hippogriffs
  5 dream sheep (Lair:5)
  A harpy skeleton (D:12)
  31 blink frogs
  A large abomination (Abyss:1)
  52 yaks
  A human (D:7)
  5 wraiths
  5 wyverns
  4 hogs (D:7)
  3 basilisks
  A hungry ghost (D:7)
  6 vampire mosquitoes (Lair:6)
  2 swamp worms (Gauntlet)
  5 wargs
  2 acid dragons
  2 nagas (Lair:2)
  A soldier ant (D:14)
  6 water moccasins
  4 porcupines
  32 orc warriors
  2 ice beasts
  4 sky beasts
  3 slaves (D:7)
  A black bear (D:11)
  4 phantoms
  3 eyes of draining
  2 necrophages
  13 ogres
  5 centaurs
  12 crocodiles
  23 wolves
  A big kobold (shapeshifter) (D:14)
  39 bullfrogs
  2 small abominations (Abyss:1)
  2 gnoll sergeants
  A scorpion (D:11)
  A water moccasin skeleton (D:6)
  6 killer bees
  4 wights (D:12)
  4 howler monkeys
  A vampire bat (D:5)
  8 electric eels
  A bullfrog zombie (D:9)
  4 crimson imps
  4 hounds
  35 orc priests
  A gnoll shaman (D:4)
  38 orc wizards
  2 iguanas
  14 worker ants
  3 hell rats (Lair:1)
  A hound zombie (D:7)
  A worker ant zombie (D:6)
  A howler monkey zombie (D:10)
  11 adders
  11 gnolls
  9 river rats (Lair:1)
  3 shadow imps
  3 white imps (Gauntlet)
  An ufetubus (Abyss:1)
  An ooze (D:1)
  An adder zombie (D:7)
  An adder skeleton (D:4)
  4 worms
  2 dart slugs
  3 leopard geckos
  92 orcs
  3 ball pythons
  4 bats
  5 bat skeletons (D:5)
  A bat zombie (D:5)
  5 giant cockroaches
  11 hobgoblins
  7 jackals
  5 quokkas
  5 frilled lizards
  A giant cockroach zombie (D:6)
  10 goblins
  8 kobolds
  12 rats
  2 butterflies (D:2)
  4 fungi
  6 plants
786 creatures vanquished.

Vanquished Creatures (collateral kills)
  A minotaur (Gauntlet)
  2 hydras
  A two-headed ogre (D:12)
  2 manticores (D:12)
  6 hogs (D:12)
  2 orc warriors
  2 orc wizards
  An iguana (D:12)
  2 shadow imps (Gauntlet)
  3 orcs
22 creatures vanquished.

Vanquished Creatures (others)
  2 orc wizards
  A quokka (D:9)
  3 fungi (Lair:6)
  34 plants
  2 starspawn tentacles (Abyss:1)
  14 withered plants (Gauntlet)
56 creatures vanquished.

Grand Total: 864 creatures vanquished

Notes
Turn   | Place    | Note
-------+----------+-------------------------------------------
     0 | D:1      | diana the Minotaur Berserker began the quest for the Orb.
     0 | D:1      | Reached XP level 1. HP: 19/19 MP: 0/0
   114 | D:1      | Reached skill level 4 in Axes
   114 | D:1      | Reached XP level 2. HP: 18/27 MP: 1/1
   342 | D:1      | Reached ** piety under Trog
   380 | D:1      | Reached XP level 3. HP: 33/33 MP: 2/2
   865 | D:2      | Reached XP level 4. HP: 28/40 MP: 3/3
  1157 | D:3      | Found a burning altar of Makhleb.
  1426 | D:3      | Reached skill level 5 in Axes
  1433 | D:3      | Reached *** piety under Trog
  1463 | D:3      | Found a sacrificial altar of Ru.
  1566 | D:3      | Noticed an Executioner
  1569 | D:3      | Noticed a neqoxec
  1569 | D:3      | Noticed a neqoxec
  1590 | D:3      | Found a hazy altar of Hepliaklqana.
  1724 | D:4      | Found a deep blue altar of Sif Muna.
  1739 | D:4      | Reached XP level 5. HP: 44/47 MP: 4/4
  1740 | D:4      | Found a stormy altar of Qazlal.
  1817 | D:4      | Found Qukha's Antique Armour Shoppe.
  1828 | D:4      | Noticed an ogre
  1835 | D:4      | Killed an ogre
  1835 | D:4      | Reached skill level 5 in Fighting
  1835 | D:4      | Reached skill level 6 in Axes
  1835 | D:4      | Reached XP level 6. HP: 56/56 MP: 5/5
  2081 | D:4      | Reached XP level 7. HP: 46/61 MP: 6/6
  2226 | D:4      | Noticed a moth of wrath
  2229 | D:4      | Found a bloodstained altar of Trog.
  2409 | D:5      | Entered Level 5 of the Dungeon
  2421 | D:5      | Got a steaming emerald amulet
  2423 | D:5      | Identified the amulet "Tetat" {Faith rElec rN+ Int+2 Dex+4}
                  | (You found it on level 5 of the Dungeon)
  2433 | D:5      | Reached **** piety under Trog
  2437 | D:5      | Found an ancient bone altar of Kikubaaqudgha.
  2446 | D:5      | Reached skill level 7 in Axes
  2622 | D:5      | Found a staircase to the Ecumenical Temple.
  2812 | Temple   | Entered the Ecumenical Temple
  3180 | D:5      | Found a blossoming altar of Fedhas.
  3335 | D:6      | Reached skill level 5 in Armour
  3519 | D:6      | Reached skill level 5 in Dodging
  3523 | D:6      | Reached XP level 8. HP: 70/70 MP: 7/7
  3567 | D:6      | Reached skill level 8 in Axes
  3578 | D:6      | Found an opulent altar of Gozag.
  3717 | D:4      | Bought a translucent chain mail for 294 gold pieces
  3727 | D:4      | Identified the +9 chain mail of the Dragon {Str+2 Int+5}
                  | (You bought it in a shop on level 4 of the Dungeon)
  4095 | D:7      | Noticed Pikel
  4102 | D:7      | Killed Pikel
  4102 | D:7      | Reached skill level 9 in Axes
  4102 | D:7      | Reached XP level 9. HP: 51/79 MP: 8/8
  4313 | D:7      | Reached skill level 10 in Axes
  4313 | D:7      | Reached ***** piety under Trog
  4713 | D:7      | Found a shadowy altar of Dithmenos.
  4713 | D:7      | Found a snail-covered altar of Cheibriados.
  4904 | D:8      | Noticed Maurice
  4919 | D:8      | Killed Maurice
  4919 | D:8      | Reached skill level 11 in Axes
  5442 | D:9      | Reached XP level 10. HP: 90/90 MP: 9/9
  5629 | D:9      | Found a white marble altar of Elyvilon.
  5691 | D:9      | Found the +5 scythe "Finisher" {speed, eviscerate}
  5711 | D:9      | Reached skill level 12 in Axes
  5938 | D:9      | Found a staircase to the Lair.
  6010 | D:10     | Entered Level 10 of the Dungeon
  6205 | D:10     | Found Tirypad's Assorted Antiques.
  6294 | D:10     | Reached skill level 1 in Shields
  6306 | D:10     | Cast into level 1 of the Abyss (orc warrior)
  6351 | Abyss:1  | Reached ****** piety under Trog
  6407 | Abyss:1  | Noticed a tentacled starspawn
  6415 | Abyss:1  | Noticed a large abomination
  6444 | D:10     | Escaped the Abyss
  6549 | D:10     | Received a gift from Trog
  6874 | D:11     | Reached XP level 11. HP: 82/99 MP: 3/10
  6878 | D:11     | Reached skill level 13 in Axes
  6966 | D:11     | Found a staircase to the Orcish Mines.
  7207 | D:11     | Reached skill level 10 in Fighting
  7343 | D:11     | Noticed Psyche
  7350 | D:11     | Killed Psyche
  7362 | D:11     | Noticed Sonja
  7501 | D:11     | Killed Sonja
  7964 | D:12     | Found Viuxinuipn's Antique Armour Emporium.
  7988 | D:12     | Noticed a two-headed ogre
  7992 | D:12     | Killed a two-headed ogre
  8010 | D:12     | Bought a pair of runed boots for 172 gold pieces
  8021 | D:12     | Noticed a purple ugly thing
  8024 | D:12     | Noticed a two-headed ogre
  8032 | D:12     | Killed a purple ugly thing
  8032 | D:12     | Reached skill level 14 in Axes
  8032 | D:12     | Reached skill level 5 in Shields
  8037 | D:12     | Killed a two-headed ogre
  8100 | D:12     | Noticed a two-headed ogre
  8109 | D:12     | Killed a two-headed ogre
  8212 | D:12     | Noticed Kirke
  8215 | D:12     | Noticed a lindwurm
  8224 | D:12     | Killed Kirke
  8224 | D:12     | Received a gift from Trog
  8224 | D:12     | Reached skill level 15 in Axes
  8442 | D:12     | Found a basalt altar of Yredelemnul.
  8489 | D:12     | Noticed a two-headed ogre
  8496 | D:12     | Killed a two-headed ogre
  8514 | D:12     | Reached XP level 12. HP: 97/106 MP: 11/11
  8612 | D:12     | Noticed a four-headed hydra
  8624 | D:12     | Killed a ten-headed hydra
  8695 | D:12     | Found a blossoming altar of Fedhas.
  8718 | D:12     | Noticed an eight-headed hydra
  8727 | D:12     | Killed a 12-headed hydra
  8727 | D:12     | Reached skill level 16 in Axes
  9060 | Lair:1   | Entered Level 1 of the Lair of Beasts
  9280 | Lair:1   | Reached skill level 17 in Axes
  9786 | Lair:2   | Reached skill level 18 in Axes
  9792 | Lair:2   | Received a gift from Trog
  9907 | Lair:2   | Found a staircase to the Snake Pit.
  9954 | Lair:2   | Noticed a seven-headed hydra
  9966 | Lair:2   | Killed a 14-headed hydra
 10739 | Lair:3   | Found a gate leading to a gauntlet.
 10773 | Gauntlet | Entered a Gauntlet
 10773 | Gauntlet | Found a transporter.
 10807 | Gauntlet | Noticed a death scarab
 10808 | Gauntlet | Found a transporter.
 10823 | Gauntlet | Found a transporter.
 10828 | Gauntlet | Found a transporter.
 10843 | Gauntlet | Found a transporter.
 10862 | Gauntlet | Found a transporter.
 10874 | Gauntlet | Found a transporter.
 10886 | Gauntlet | Found the +12 glaive of Prune {chop}
 10886 | Gauntlet | Found a transporter.
 10897 | Gauntlet | Noticed a death yak
 10897 | Gauntlet | Noticed a death yak
 10898 | Gauntlet | Found a transporter.
 10898 | Gauntlet | Noticed a death yak
 10910 | Gauntlet | Found a transporter.
 10916 | Gauntlet | Found a transporter.
 10916 | Gauntlet | Found a transporter.
 10957 | Gauntlet | Found a transporter.
 10983 | Gauntlet | Found a transporter.
 10985 | Gauntlet | Found a transporter.
 11005 | Gauntlet | Found a transporter.
 11083 | Gauntlet | Found a transporter.
 11103 | Gauntlet | Found a transporter.
 11370 | Gauntlet | Reached XP level 13. HP: 113/113 MP: 12/12
 11392 | Gauntlet | Got a pitted ivory ring
 11394 | Gauntlet | Identified the ring "Areklaesk" {+Blink +Fly rPois Slay-4}
                  | (You found it in a Gauntlet)
 11404 | Gauntlet | Identified the +8 longbow of Rehomih {speed, rPois rN+ MP+9
                  | Int+4}
 11404 | Gauntlet | Noticed a minotaur
 11415 | Gauntlet | Killed a minotaur
 11415 | Gauntlet | Reached skill level 19 in Axes
 11427 | Gauntlet | Identified Zoteiwn's Compendium of Creation and Fire
 11428 | Gauntlet | Found the +10 zealot's sword {holy, *Rage rN+ EV+3}
 12685 | Lair:4   | Reached skill level 20 in Axes
 12763 | Lair:4   | Noticed Rupert
 12771 | Lair:4   | Killed Rupert
 12823 | Lair:4   | Found a staircase to the Swamp.
 13111 | Lair:4   | You fall through a shaft for 2 floors!
 13111 | Lair:6   | Entered Level 6 of the Lair of Beasts
 13125 | Lair:6   | Reached skill level 21 in Axes
 13130 | Lair:6   | Received a gift from Trog
 13140 | Lair:6   | Reached XP level 14. HP: 121/121 MP: 13/13
 13163 | Lair:6   | Got a transparent shortbow {god gift}
 13178 | Lair:6   | Identified the +1 shortbow of Xischy {velocity, *Contam
                  | +Fly rF+ Str+2} (Trog gifted it to you on level 6 of the
                  | Lair of Beasts)
 13345 | Lair:6   | Reached skill level 22 in Axes
 13450 | Lair:6   | Reached skill level 10 in Armour
 13797 | Lair:6   | Received a gift from Trog
 13802 | Lair:6   | Found the +7 longbow "Piercer" {penet, EV-2}
 14357 | Lair:5   | Noticed Urug
 14369 | Lair:5   | Killed Urug
 14563 | Lair:5   | Found a staircase to the Slime Pits.
 15336 | Orc:1    | Entered Level 1 of the Orcish Mines
 15410 | Orc:1    | Received a gift from Trog
 15600 | Orc:2    | Entered Level 2 of the Orcish Mines
 15635 | Orc:2    | Found Mofuar's Armour Boutique.
 15775 | Orc:2    | Paralysed by an orc sorcerer for 6 turns
 15786 | Orc:2    | Received a gift from Trog
 15794 | Orc:2    | Found Kor Ymm's Weapon Shop.
 15797 | Orc:2    | Found Fianil's Distillery.
 15811 | Orc:2    | Found Qicwor's Magic Scroll Boutique.
 15819 | Orc:2    | Found Qotaschofau's Jewellery Boutique.
 15830 | Orc:2    | Bought a scroll of noise for 12 gold pieces
 15846 | Orc:2    | Bought a potion of flight for 39 gold pieces
 15846 | Orc:2    | Bought a potion of lignification for 39 gold pieces
 15846 | Orc:2    | Bought a potion of brilliance for 52 gold pieces
 15846 | Orc:2    | Bought a potion of resistance for 130 gold pieces
 16147 | Orc:2    | Reached XP level 15. HP: 112/134 MP: 14/14
 16222 | Orc:2    | Found a staircase to the Elven Halls.
 16631 | Orc:1    | Noticed Erolcha
 16636 | Orc:1    | Killed Erolcha
 16640 | Orc:1    | Received a gift from Trog
 16645 | Orc:1    | Noticed an orc warlord
 16661 | Orc:1    | Killed an orc warlord
 17756 | D:14     | Received a gift from Trog
 17860 | D:14     | Slain by an orc knight

Skill      XL: |  1  2  3  4  5  6  7  8  9 10 11 12 13 14 15 |
---------------+----------------------------------------------+-----
Axes           | 4 5 6 7 9 11 12 15 18 21 22 | 22.0
Fighting       | 4 5 6 7 8 9 10 12 14 | 14.7
Armour         | 3 4 5 6 8 9 12 14 | 14.2
Dodging        | 3 4 5 6 7 8 9 |  9.0
Shields        | 2 6 |  6.8

Action                   |  1- 3 |  4- 6 |  7- 9 | 10-12 | 13-15 || total
-------------------------+-------+-------+-------+-------+-------++-------
Melee: Hand axe          |    63 |    17 |       |       |       ||    80
       Headbutt          |     8 |    15 |    45 |   134 |   202 ||   404
       War axe           |       |    77 |   205 |   185 |       ||   467
       Broad axe         |       |       |       |   122 |       ||   122
       Executioner's axe |       |       |       |   181 |   744 ||   925
Invok: Berserk           |       |     2 |       |     2 |     4 ||     8
       Brothers in Arms  |       |       |       |     7 |     2 ||     9
       Trog's Hand       |       |       |       |     1 |       ||     1
Evoke: Wand              |       |       |       |     9 |    11 ||    20
  Use: Scroll            |       |       |       |    19 |     2 ||    21
 Stab: Sleeping          |     2 |       |       |       |       ||     2
  Eat: Chunk             |       |     6 |     8 |    17 |    21 ||    52
       Ration            |       |       |     1 |     4 |     1 ||     6
Armor: Animal skin       |     1 |       |       |       |       ||     1
       Ring mail         |    15 |    27 |    18 |       |       ||    60
       Scale mail        |       |       |     4 |       |       ||     4
       Chain mail        |       |       |   103 |   392 |   500 ||   995
Dodge: Dodged            |    39 |    80 |   151 |   427 |   645 ||  1342
Block: Shield            |       |       |       |    81 |       ||    81
